 Dungeon Crawl Stone Soup version 0.21.0-3-g78d12a8 (console) character file.

445 hilaritas the Slasher (level 6, -5/46 HPs)
             Began as a Vampire Gladiator on Jan 12, 2018.
             Killed by divine providence
             ... invoked by an orc priest
              (13 damage)
             ... on level 4 of the Dungeon.
             The game lasted 00:06:57 (2634 turns).

hilaritas the Slasher (Vampire Gladiator)           Turns: 2634, Time: 00:06:58

Health: -5/46      AC:  7    Str: 15    XL:     6   Next: 72%
Magic:  6/6        EV: 12    Int: 11    God:
Gold:   121        SH:  0    Dex: 17    Spells: 5/5 levels left

rFire    . . .     SeeInvis +   a - +1 long sword
rCold    . . .     Gourm    .   (no shield)
rNeg     + . .     Faith    .   q - +0 ring mail
rPois    .         Spirit   .   b - +1 helmet
rElec    .         Reflect  .   (no cloak)
rCorr    .         Harm     .   (no gloves)
MR       .....                  (no boots)
Stlth    ++........             (no amulet)
HPRegen  0.15/turn              i - +2 ring of dexterity
MPRegen  0.10/turn              (no ring)

@: no status effects
A: fangs 3, see invisible, unbreathing
a: Bat Form


You were on level 4 of the Dungeon.
You were not thirsty.

You visited 1 branch of the dungeon, and saw 4 of its levels.

You collected 121 gold pieces.

Inventory:

Hand Weapons
 a - a +1 long sword (weapon)
 h - a +0 short sword
Missiles
 d - 3 throwing nets (quivered)
Armour
 b - a +1 helmet (worn)
 q - a +0 ring mail (worn)
Jewellery
 i - a +2 ring of dexterity (left hand)
Scrolls
 l - 5 scrolls of remove curse
 m - a scroll of enchant armour
 p - a scroll of amnesia
Potions
 c - 2 potions of curing {unknown}
 e - 16 potions of blood
 f - a potion of cancellation {unknown}
 g - 2 potions of mutation
 j - a potion of invisibility
 k - a potion of brilliance
 n - a potion of flight
 o - a potion of heal wounds


   Skills:
 + Level 2.5 Fighting
 * Level 6.6 Long Blades
 - Level 1.5 Throwing
 - Level 3.2 Dodging
 * Level 4.7 Stealth


You had 5 spell levels left.
You didn't know any spells.

Dungeon Overview and Level Annotations

Branches:
Dungeon (4/15)
 Temple: D:4-7

Altars:
Cheibriados


Innate Abilities, Weirdness & Mutations

You have razor-sharp teeth.
You have supernaturally acute eyesight. (SInv)
You can survive without breathing.


Message History

The orc priest is moderately wounded.
The orc priest barely misses you.
You hit the orc priest but do no damage.
The orc priest is moderately wounded.
The orc priest closely misses you.
You hit the orc priest but do no damage.
You bite the orc priest, but do no damage.
The orc priest is moderately wounded.
The howler monkey barely misses you. The orc priest closely misses you.
You riposte.
You barely miss the orc priest.
The orc priest is moderately wounded.
The howler monkey hits you.
* * * LOW HITPOINT WARNING * * *
An orc comes into view.
The orc shouts!
You hit the orc priest but do no damage.
The orc priest is moderately wounded.
The orc priest calls down the wrath of Beogh upon you.
Beogh smites you!
You die...

#######
#####..†..#
#......†..#
#.........########
#................#
#.<..............#
#................#
#[..$............#
#.....$.....o....#
#..........@.....#
#..........h.....#
#..?.............#
####....$........#
#.............#
#.............#
######o########
#.# #.. ###


You could see a howler monkey, an orc priest and an orc.

Vanquished Creatures
  The ghost of Pinoku the Skirmisher, an amateur HOFi (D:3)
  A phantom (D:4)
  A howler monkey (D:4)
  A hound (D:3)
  2 worker ants (D:4)
  Robin (D:3)
  3 gnolls (D:2)
  3 adders (D:2)
  An adder zombie (D:3)
  A worm (D:3)
  2 dart slugs
  2 leopard geckos
  4 orcs (D:3)
  2 giant cockroaches
  12 hobgoblins
  3 jackals (D:1)
  7 kobolds
  A quokka (D:2)
  A ball python (D:1)
  4 bats
  7 frilled lizards
  12 goblins
  9 rats
81 creatures vanquished.

Notes
Turn   | Place    | Note
-------+----------+-------------------------------------------
     0 | D:1      | hilaritas the Vampire Gladiator began the quest for the Orb.
     0 | D:1      | Reached XP level 1. HP: 16/16 MP: 1/1
    10 | D:1      | Found a snail-covered altar of Cheibriados.
    99 | D:1      | Reached skill level 1 in Stealth
    99 | D:1      | Reached XP level 2. HP: 18/22 MP: 2/2
   438 | D:1      | Reached XP level 3. HP: 19/27 MP: 3/3
   806 | D:1      | Reached skill level 4 in Long Blades
  1340 | D:2      | Reached XP level 4. HP: 29/33 MP: 4/4
  2063 | D:3      | Reached skill level 5 in Long Blades
  2063 | D:3      | Reached XP level 5. HP: 38/38 MP: 5/5
  2129 | D:3      | Noticed Pinoku's ghost (amateur HOFi)
  2146 | D:3      | Killed Pinoku's ghost
  2272 | D:3      | Noticed Robin
  2281 | D:3      | Killed Robin
  2340 | D:3      | Reached XP level 6. HP: 44/44 MP: 6/6
  2582 | D:4      | Reached skill level 6 in Long Blades
  2634 | D:4      | Killed from afar by an orc priest

Skill      XL: |  1  2  3  4  5  6 |
---------------+-------------------+-----
Stealth        | 1 2 3 4 |  4.7
Long Blades    | 4 5 6 |  6.6
Fighting       | 2 |  2.5
Throwing       | |  1.5
Dodging        | |  3.2

Action                   |  1- 3 |  4- 6 || total
-------------------------+-------+-------++-------
Melee: Long sword        |    84 |   144 ||   228
       Bite              |     8 |    21 ||    29
  Use: Scroll            |     7 |     6 ||    13
 Stab: Sleeping          |     3 |     8 ||    11
  Eat: Corpse            |     5 |     7 ||    12
Armor: Leather armour    |    25 |    20 ||    45
       Ring mail         |       |    29 ||    29
Dodge: Dodged            |    64 |    85 ||   149
       Rpst.: Long sword |    21 |    26 ||    47
